 Dungeon Crawl Stone Soup version 0.24.0-29-g8ce449bc06 (webtiles) character file.

Game seed: 3557636840903897572, levelgen mode: deterministic

2 FessEmpty the Firebug (level 1, -1/13 HPs)
             Began as a Human Fire Elementalist on Nov 15, 2019.
             Slain by a rat (2 damage)
             ... on level 1 of the Dungeon.
             The game lasted 00:00:33 (14 turns).

FessEmpty the Firebug (Human Fire Elementalist)       Turns: 14, Time: 00:00:35

Health: -1/13      AC:  2    Str:  8    XL:     1   Next: 44%
Magic:  0/3        EV: 12    Int: 15    God:
Gold:   0          SH:  0    Dex: 13    Spells: 3/4 levels left

rFire    . . .     SeeInvis .   (no weapon)
rCold    . . .     Gourm    .   (no shield)
rNeg     . . .     Faith    .   a - +0 robe
rPois    .         Spirit   .   (no helmet)
rElec    .         Reflect  .   (no cloak)
rCorr    .         Harm     .   (no gloves)
MR       .....                  (no boots)
Stlth    ++........             (no amulet)
HPRegen  0.04/turn              (no ring)
MPRegen  0.08/turn              (no ring)

@: very slightly contaminated
A: no striking features
a: no special abilities


You were on level 1 of the Dungeon.
You were not hungry.

You visited 1 branch of the dungeon, and saw 1 of its levels.

Inventory:

Armour
 a - a +0 robe (worn)
Comestibles
 c - a ration


   Skills:
 - Level 2.0 Dodging
 - Level 2.0 Stealth
 + Level 2.0 Spellcasting
 + Level 1.1 Conjurations
 + Level 3.0 Fire Magic


You had 3 spell levels left.
You knew the following spells:

 Your Spells              Type           Power        Failure   Level  Hunger
a - Flame Tongue          Conj/Fire      #....        10%         1    #......

Your spell library contained the following spells:

 Spells                   Type           Power        Failure   Level  Hunger
 Throw Flame              Conj/Fire      #.....       14%         2    ###....
 Conjure Flame            Conj/Fire      #.......     28%         3    ###....
 Inner Flame              Hex/Fire       #.......     34%         3    ###....
 Sticky Flame             Conj/Fire      #.......     67%         4    #####..
 Fireball                 Conj/Fire      #.........   95%         5    ######.


Dungeon Overview and Level Annotations

Branches:
Dungeon (1/15)

Altars:


Message History

Welcome, FessEmpty the Human Fire Elementalist.
Will you prevail where others failed? Will you find the Orb of Zot?
Press ? for a list of commands and other information.
Found a staircase leading out of the dungeon.
You open the door.
A goblin comes into view. It is wielding a +0 dagger of pain.
The goblin shouts!
There is an open door here.
No target in view!
A leopard gecko and a giant cockroach come into view.
A rat comes into view.
The leopard gecko hisses angrily.
Casting: Flame Tongue (safe; 10% risk of failure)
Confirm with . or Enter, or press ? or * to list all spells.
Aiming: Flame Tongue (safe; 10% risk of failure)
Press: ? - help, Shift-Dir - straight line, f - goblin
Aim: a goblin, wielding a +0 dagger of pain The flame tongue hits the goblin.
You kill the goblin!
A rat comes into view. (m)acro, (M)acro raw, keymap [(k) default, (x) level-map, (t)argeting, (c)onfirm, m(e)nu], (s)ave?
Aborting.
You hit the leopard gecko.
The leopard gecko is severely wounded.
The leopard gecko bites you. x2
A kobold comes into view.
The kobold shouts!
You hit the leopard gecko but do no damage.
The leopard gecko is severely wounded.
A rat comes into view.
The leopard gecko bites you but does no damage.
You miss the leopard gecko.
The leopard gecko is severely wounded.
The leopard gecko bites you.
You are too injured to fight recklessly!
Casting: Flame Tongue (safe; 10% risk of failure)
Confirm with . or Enter, or press ? or * to list all spells.
Aiming: Flame Tongue (safe; 10% risk of failure)
Press: ? - help, Shift-Dir - straight line, f - leopard gecko
Aim: a leopard gecko (severely wounded, clinging)
You miscast Flame Tongue.
You are very lightly contaminated with residual magic.
Nothing appears to happen.
The leopard gecko barely misses you.
Casting: Flame Tongue (safe; 10% risk of failure)
Confirm with . or Enter, or press ? or * to list all spells.
Aiming: Flame Tongue (safe; 10% risk of failure)
Press: ? - help, Shift-Dir - straight line, f/p - leopard gecko
Aim: a leopard gecko (severely wounded, clinging)
The flame tongue misses the leopard gecko.
The flame tongue hits the giant cockroach!
You kill the giant cockroach!
The leopard gecko hisses menacingly.
The leopard gecko misses you. The leopard gecko closely misses you.
The rat bites you.
* * * LOW HITPOINT WARNING * * *
There is an open door here.
There is a staircase leading out of the dungeon here.
You open the door. The rat bites you.
You die...

# .# # ...
###.#######
.#.# .........
.....
#.....K##......
#..###r.r......
#..'@rl.##..#..
#..###..# ...
#. ...# # #
###.# #.# #.#
#+#


You could see a leopard gecko and 3 rats.

Vanquished Creatures
  A giant cockroach (D:1)
  A goblin (D:1)
2 creatures vanquished.

Notes
Turn   | Place    | Note
-------+----------+-------------------------------------------
     0 | D:1      | FessEmpty the Human Fire Elementalist began the quest for
                  | the Orb.
     0 | D:1      | Reached XP level 1. HP: 13/13 MP: 3/3
    14 | D:1      | Slain by a rat

Levels and vault maps discovered:
D:1:      dpeg_arrival_tiny_d, layout_basic

Action                   || total
-------------------------++-------
Melee: Unarmed           ||     3
 Cast: Flame Tongue      ||     2
Armor: Robe              ||     1
Dodge: Dodged            ||     3
